 Dungeon Crawl Stone Soup version 0.21.1 (webtiles) character file.

237 Pixllover the Chopper (level 5, 0/51 HPs)
             Began as a Minotaur Berserker on Jan 26, 2018.
             Was a Believer of Trog.
             Succumbed to an orc priest's poison
             ... on level 3 of the Dungeon on Feb 3, 2018.
             The game lasted 00:05:54 (2273 turns).

Pixllover the Chopper (Minotaur Berserker)          Turns: 2273, Time: 00:05:55

Health: 0/51       AC: 13    Str: 22    XL:     5   Next: 77%
Magic:  4/4        EV:  4    Int:  9    God:    Trog [**....]
Gold:   93         SH:  8    Dex: 10    Spells: 4/4 levels left

rFire    . . .     SeeInvis .   f - -3 trident (curse)
rCold    . . .     Gourm    .   j - +0 shield
rNeg     . . .     Faith    .   d - +0 plate armour
rPois    .         Spirit   .   (helmet restricted)
rElec    .         Reflect  .   (no cloak)
rCorr    .         Harm     .   (no gloves)
MR       .....                  (no boots)
Stlth    ..........             (no amulet)
HPRegen  0.17/turn              (no ring)
MPRegen  0.09/turn              (no ring)

@: brilliant, lethally poisoned (0 -> -4)
A: retaliatory headbutt, horns 2, icy blue scales 1, robust 1
a: Berserk, Trog's Hand, Burn Spellbooks, Renounce Religion


You were on level 3 of the Dungeon.
You worshipped Trog.
Trog was pleased with you.
You were not hungry.

You visited 1 branch of the dungeon, and saw 3 of its levels.

You collected 93 gold pieces.

Inventory:

Hand Weapons
 a - a +0 hand axe
 f - a cursed -3 trident (weapon)
Armour
 d - a +0 plate armour (worn)
 j - a +0 shield (worn)
Jewellery
 e - a +3 ring of dexterity {unknown}
 h - a cursed ring of loudness {unknown}
 k - an uncursed ring of see invisible {unknown}
Potions
 i - 2 potions of brilliance
Comestibles
 b - 2 chunks of flesh
 c - 2 rations


   Skills:
 + Level 4.6 Fighting
 + Level 5.7 Axes
 + Level 0.1(3.4) Polearms
 + Level 3.8 Armour
 + Level 3.2 Dodging
 + Level 0.1 Stealth
 + Level 1.6 Shields


You had 4 spell levels left.
You didn't know any spells.

Dungeon Overview and Level Annotations

Branches:
Dungeon (3/15)

Altars:


Innate Abilities, Weirdness & Mutations

You reflexively headbutt those who attack you in melee.
You have a pair of horns on your head.
You are partially covered in icy blue scales. (AC +2)
You are robust. (+10% HP)


Message History

You kill the orc priest!
Trog accepts your kill.
* * * LOW HITPOINT WARNING * * *
You feel sick. The orc hits you.
* * * LOW HITPOINT WARNING * * *
The frilled lizard barely misses you.
It was a potion of brilliance.
You feel clever all of a sudden.
* * * LOW HITPOINT WARNING * * *
You feel sick. The orc hits you but does no damage.
You block the frilled lizard's attack.
It was a potion of mutation.
You feel extremely strange.
Icy blue scales grow over part of your body.
You feel robust. You block the orc's attack.
The frilled lizard bites you but does no damage.
You hit the orc.
You kill the orc!
Trog accepts your kill.
You die...

##># #.# #.# #.#
########. #.#
#........ #.#
#........ #.#
#........
#.########.l......
#.........@)......
##########.).....#
#$......#
#?......#
#.......#
#.......#
#########


You could see a frilled lizard.

Vanquished Creatures
  An orc warrior (D:3)
  2 orc priests (D:3)
  An adder (D:2)
  An ooze (D:2)
  2 worms (D:2)
  4 dart slugs
  A leopard gecko (D:2)
  11 orcs (D:3)
  3 bats
  A giant cockroach (D:3)
  6 goblins
  4 hobgoblins
  A ball python (D:3)
  5 frilled lizards
  5 kobolds
  4 rats
52 creatures vanquished.

Notes
Turn   | Place    | Note
-------+----------+-------------------------------------------
     0 | D:1      | Pixllover the Minotaur Berserker began the quest for the Orb.
     0 | D:1      | Reached XP level 1. HP: 19/19 MP: 0/0
   105 | D:1      | Reached XP level 2. HP: 17/27 MP: 1/1
   239 | D:1      | Reached skill level 4 in Axes
   524 | D:1      | Upgraded the game from 0.21.0-25-ge575cb9ce8 to 0.21.0-37-g46506fa5f3
   524 | D:1      | Upgraded the game from 0.21.0-37-g46506fa5f3 to 0.21.1
   590 | D:2      | Reached XP level 3. HP: 20/33 MP: 2/2
  1599 | D:3      | Noticed an orc warrior
  1609 | D:3      | Killed an orc warrior
  1609 | D:3      | Reached skill level 5 in Axes
  1609 | D:3      | Reached skill level 1 in Shields
  1609 | D:3      | Reached XP level 4. HP: 16/41 MP: 3/3
  1609 | D:3      | Reached XP level 5. HP: 18/47 MP: 4/4
  1929 | D:3      | Reached ** piety under Trog
  2270 | D:3      | HP: 2/47 [orc (1)]
  2272 | D:3      | Gained mutation: You are partially covered in icy blue scales. (AC +2) [potion of mutation]
  2272 | D:3      | Gained mutation: You are robust. (+10% HP) [potion of mutation]
  2273 | D:3      | Succumbed to an orc priest's poison

Skill      XL: |  1  2  3 |
---------------+----------+-----
Fighting       | 4 |  4.6
Axes           | 4 5 |  5.7
Armour         | 3 |  3.8
Dodging        | 3 |  3.2
Shields        | 1 |  1.6
Polearms       | |  0.1
Stealth        | |  0.1

Action                   |  1- 3 |  4- 6 || total
-------------------------+-------+-------++-------
Melee: Hand axe          |    86 |    14 ||   100
       Headbutt          |    11 |    11 ||    22
       Trident           |       |    41 ||    41
Invok: Berserk           |     1 |       ||     1
  Use: Scroll            |     3 |       ||     3
       Potion            |     1 |     3 ||     4
  Eat: Chunk             |     2 |     3 ||     5
Armor: Chain mail        |    38 |     1 ||    39
       Plate armour      |       |    57 ||    57
Dodge: Dodged            |    22 |    11 ||    33
Block: Shield            |    26 |    34 ||    60
